 Dungeon Crawl Stone Soup version 0.29-a0-490-g77b3608bb8 (webtiles) character file.

Game seed: 8313593365763608752

29759 siradein the Cleaver (level 13, -9/122 HPs)
             Began as a Minotaur Berserker on May 27, 2022.
             Was a High Priest of Trog.
             Killed from afar by an ironbound frostheart (27 damage)
             ... by creeping frost
             ... in an ice cave.
             The game lasted 00:35:27 (13318 turns).

siradein the Cleaver (Minotaur Berserker)          Turns: 13318, Time: 00:35:28

Health: -9/122     AC: 21    Str: 32    XL:     13   Next: 16%
Magic:  4/4        EV: 13    Int:  7    God:    Trog [*****.]
Gold:   1012       SH: 17    Dex: 23    Spells: 12/12 levels left

rFire   . . .      SeeInvis +   m - +1 broad axe (antimagic)
rCold   + . .      Faith    .   U - +1 tower shield of Levity {+Blink Dex+6 SInv Stlth-}
rNeg    . . .      Spirit   .   G - +2 plate armour {rC+}
rPois   +          Reflect  .   Y - +1 hat {Int+3}
rElec   .          Harm     .   w - +1 cloak {rPois}
rCorr   .          Rampage  .   (no gloves)
Will    ++...                   (no boots)
Stlth   ..........              W - amulet of regeneration
HPRegen 2.10/turn               r - +6 ring of dexterity
MPRegen 0.09/turn               P - +6 ring of strength

@: strong-willed, on berserk cooldown, regenerating, slowed, very slow
A: horns 2, retaliatory headbutt
a: Renounce Religion, Evoke Blink, Berserk, Trog's Hand, Brothers in Arms


You were in an ice cave.
You worshipped Trog.
Trog was extremely pleased with you.
You visited 2 branches of the dungeon, and saw 13 of its levels.
You also visited: Sewer and Ice Cave.

You collected 1064 gold pieces.
You spent 52 gold pieces at shops.

Inventory:

Hand Weapons
 h - a +3 executioner's axe of flaming
 m - a +1 antimagic broad axe (weapon)
 v - the +8 mace of Ragnarok {speed, Will+}
   (You found it on level 2 of the Dungeon)

   Attacks with this weapon are significantly faster.
   Will:      It increases your willpower.
Missiles
 b - 514 stones (quivered)
 D - 2 throwing nets
 M - 3 silver javelins
 V - 6 javelins
Armour
 w - a +1 cloak of poison resistance (worn)
 G - a +2 plate armour of cold resistance (worn)
 U - the +1 tower shield of Levity (worn) {+Blink Dex+6 SInv Stlth-}
   (You found it on level 2 of the Lair of Beasts)

   Dex:       It affects your dexterity (+6).
   SInv:      It lets you see invisible.
   +Blink:    It lets you blink.
   Stlth:     It makes you less stealthy.
 Y - a +1 hat of intelligence (worn)
Jewellery
 k - a ring of see invisible
 r - a +6 ring of dexterity (left hand)
 t - a ring of protection from fire
 H - a ring of flight
 P - a +6 ring of strength (right hand)
 W - an amulet of regeneration (around neck)
Wands
 u - a wand of flame (23)
 B - a wand of digging (6)
 L - a wand of polymorph (19)
 O - a wand of paralysis (6)
 Q - a wand of mindburst (20)
 R - a wand of iceblast (4)
Scrolls
 e - 2 scrolls of silence
 j - 4 scrolls of poison
 n - 3 scrolls of noise {unknown}
 p - 2 scrolls of vulnerability {unknown}
 q - 2 scrolls of summoning
 s - 4 scrolls of fog
 y - 9 scrolls of teleportation
 E - 2 scrolls of enchant armour {unknown}
 F - a scroll of torment {unknown}
 I - a scroll of immolation {unknown}
 N - 2 scrolls of magic mapping {unknown}
 S - 3 scrolls of fear
 X - a scroll of enchant weapon {unknown}
 Z - 2 scrolls of brand weapon
Potions
 a - 9 potions of flight
 c - 2 potions of haste
 d - 3 potions of cancellation
 f - 2 potions of might
 g - 8 potions of heal wounds
 i - 11 potions of curing
 l - 4 potions of ambrosia
 o - 3 potions of invisibility
 z - 2 potions of brilliance {unknown}
 A - a potion of berserk rage {unknown}
 C - 5 potions of mutation
 J - 2 potions of magic {unknown}
 K - 2 potions of attraction {unknown}
 T - a potion of resistance {unknown}
Miscellaneous
 x - a phial of floods


   Skills:
 + Level 13.0 Fighting
 + Level 13.1 Axes
 + Level 7.2 Throwing
 + Level 12.8 Armour
 + Level 11.8 Dodging
 + Level 5.1 Shields


You had 12 spell levels left.
You didn't know any spells.
Your spell library was empty.

Dungeon Overview and Level Annotations

Branches:
Dungeon (11/15)            Temple (0/1) D:6            Lair (2/6) D:10
    Orc (0/2) D:11          Sewer (visited)           IceCv (1/1)
  Swamp: Lair:2-4    Shoals: Lair:2-4     Snake: Lair:2-4    Spider: Lair:2-4

Altars:
Qazlal

Shops:
D:2 :   D:3 !

Annotations:
Lair:2 exclusion: ice statue


Innate Abilities, Weirdness & Mutations

You have a pair of horns on your head.
You reflexively headbutt those who attack you in melee.


Message History

The ironbound frostheart is severely wounded.
You closely miss the ironbound frostheart.
The ironbound frostheart is severely wounded.
The ironbound frostheart touches you but does no damage.
Unknown command.
You slash the ironbound frostheart!
The ironbound frostheart's magic leaks into the air.
You headbutt the ironbound frostheart.
You kill the ironbound frostheart!
Trog accepts your kill.
Trog appreciates your killing of a magic user.
You slash the yak! You headbutt the yak!
The yak is heavily wounded.
The yak completely misses you. You furiously retaliate!
You headbutt the yak! You slice the yak!!
You kill the yak!
Trog accepts your kill. The ice encasing you melts away.
You feel a strong urge to attack something.
You are no longer berserk.
You are exhausted.
You feel yourself slow down. The death yak attacks as you move away!
The death yak gores you! The death yak attacks as you move away!
The death yak gores you but does no damage.
The death yak gores you.
The ironbound frostheart calls freezing cold from the walls.
The frost grips you!! You partially resist.
* * * LOW HITPOINT WARNING * * *
You are encased in ice.
The death yak attacks as you move away! You block the death yak's attack. x2
The ice encasing you melts away. The death yak gores you!!
* * * LOW HITPOINT WARNING * * *
Your skin crawls.
You feel strong-willed. You block the death yak's attack.
The ironbound frostheart calls freezing cold from the walls.
The frost grips you!! You partially resist.
You die...

:$#.Y.Y#.#
##.#=
#..hph.#p##
##.#.# #p[#.##
#.#### ##Y##Y#
#..## #####.##
##...#
##.h#h##
##..⌠.#
#p.....#
#.....##
##Y##...#
##..#...#
#.@##..)#
#..###..#
#.####.####.##
##.. #..#####
#..# ##.
##..## ##..#
##. #...#
#..## #.#
#...# #.## #.#
##..## #..#
#.. #...###..#
##. ##...###(#
##†


You could see a death yak, an ironbound frostheart and a wolf.

Vanquished Creatures
  Gastronok (D:10)
  An ironbound frostheart (IceCv)
  2 two-headed ogres
  A hydra (D:11)
  6 death yaks
  A bog body (Lair:2)
  An obsidian statue (D:9)
  A wizard (D:8)
  An ugly thing (D:11)
  An elephant (D:10)
  A black mamba (Lair:2)
  An ice statue (IceCv)
  2 kobold demonologists (D:9)
  3 cane toads
  2 komodo dragons
  A rime drake (Lair:2)
  3 ice devils (Lair:2)
  An anaconda simulacrum (Lair:2)
  7 polar bears
  A troll (D:10)
  4 dream sheep (D:10)
  10 blink frogs
  A jumping spider (Lair:2)
  A shadow (D:11)
  2 wraiths
  Eustachio (D:6)
  3 wyverns
  31 yaks
  A steam dragon (D:9)
  A basilisk (D:10)
  4 vampire mosquitoes (D:11)
  2 acid dragons (D:9)
  3 water moccasins
  A black bear (D:10)
  A sky beast (D:7)
  An orc warrior (D:9)
  An ice beast (D:6)
  5 centaurs
  24 wolves
  4 kobold brigands
  6 bullfrogs
  2 gnoll sergeants
  3 necrophages
  2 scorpions
  12 wights
  5 killer bees (D:7)
  2 howler monkeys
  2 hounds
  2 jellies
  Crazy Yiuf (D:2)
  2 gnoll shamans
  3 orc priests
  2 iguanas
  A merfolk siren (Sewer)
  13 orc wizards
  A merfolk avatar (Sewer)
  2 troll simulacra (Lair:2)
  Robin (D:3)
  14 gnolls
  15 adders
  3 river rats
  A shadow imp (D:8)
  13 white imps
  2 worms (D:1)
  23 orcs
  5 bats
  8 endoplasms
  12 giant cockroaches
  5 hobgoblins
  3 jackals (D:1)
  16 kobolds
  5 quokkas
  20 ball pythons
  9 frilled lizards
  13 goblins
  23 rats
391 creatures vanquished.

Vanquished Creatures (others)
  7 fungi
  8 plants
15 creatures vanquished.

Grand Total: 406 creatures vanquished

Notes
Turn   | Place    | Note
-------+----------+-------------------------------------------
     0 | D:1      | siradein the Minotaur Berserker began the quest for the
                  | Orb.
     0 | D:1      | Reached XP level 1. HP: 19/19 MP: 0/0
     1 | D:1      | Found a runed translucent door.
   173 | D:1      | Reached XP level 2. HP: 11/27 MP: 1/1
   692 | D:1      | Found a faded altar of an unknown god.
  1332 | D:1      | Reached XP level 3. HP: 33/33 MP: 2/2
  1572 | D:2      | Found Heutwam's Book Boutique.
  1815 | D:2      | Reached ** piety under Trog
  2040 | D:2      | Found a runed translucent door.
  2041 | D:2      | Noticed Crazy Yiuf
  2126 | D:2      | Reached XP level 4. HP: 36/40 MP: 3/3
  2448 | D:2      | Killed Crazy Yiuf
  2454 | D:2      | Identified the +8 mace of Ragnarok {speed, Will+}
  2542 | D:3      | Reached XP level 5. HP: 47/47 MP: 4/4
  2584 | D:3      | Found Zeolil's Distillery.
  2599 | D:3      | Bought a potion of curing for 39 gold pieces
  2599 | D:3      | Bought a potion of degeneration for 13 gold pieces
  2823 | D:3      | Noticed Robin
  2836 | D:3      | Killed Robin
  3115 | D:4      | Reached skill level 5 in Fighting
  3115 | D:4      | Reached skill level 5 in Axes
  3115 | D:4      | Reached XP level 6. HP: 56/56 MP: 5/5
  3127 | D:4      | Reached *** piety under Trog
  3184 | D:4      | Found a glowing drain.
  3188 | Sewer    | Entered a sewer
  3412 | Sewer    | Reached **** piety under Trog
  4213 | D:5      | Entered Level 5 of the Dungeon
  4274 | D:5      | Reached skill level 5 in Armour
  4280 | D:5      | Reached XP level 7. HP: 58/62 MP: 6/6
  5044 | D:6      | Noticed Eustachio
  5072 | D:6      | Killed Eustachio
  5073 | D:6      | Reached skill level 5 in Dodging
  5185 | D:6      | Found a staircase to the Ecumenical Temple.
  5246 | D:6      | Reached XP level 8. HP: 60/71 MP: 7/7
  6852 | D:7      | Reached XP level 9. HP: 68/81 MP: 8/8
  7632 | D:8      | Noticed a wizard
  7642 | D:8      | Killed a wizard
  8363 | D:9      | Reached XP level 10. HP: 58/91 MP: 9/9
  8506 | D:9      | Noticed a two-headed ogre
  8523 | D:9      | Killed a two-headed ogre
  9170 | D:9      | Reached skill level 10 in Fighting
  9170 | D:9      | Reached skill level 10 in Axes
  9176 | D:9      | Reached skill level 1 in Throwing
  9295 | D:9      | Noticed an obsidian statue
  9365 | D:9      | Noticed a soul eater
  9374 | D:9      | Killed an obsidian statue
  9392 | D:9      | Identified the ring "Sucei" {Fire Str-4 Dex+8 SInv}
  9473 | D:9      | Noticed an orange demon
  9487 | D:9      | Reached ***** piety under Trog
  9488 | D:9      | Reached skill level 10 in Armour
  9684 | D:10     | Entered Level 10 of the Dungeon
  9715 | D:10     | Noticed an elephant
  9746 | D:10     | Killed an elephant
  9752 | D:10     | Reached XP level 11. HP: 61/101 MP: 10/10
  9994 | D:10     | Noticed Gastronok
 10011 | D:10     | Killed Gastronok
 10177 | D:10     | Found a staircase to the Lair.
 10464 | D:10     | Found a stormy altar of Qazlal.
 10772 | D:11     | Found a staircase to the Orcish Mines.
 10858 | D:11     | Reached skill level 10 in Dodging
 10862 | D:11     | Noticed a purple ugly thing
 10873 | D:11     | Killed a purple ugly thing
 11020 | D:11     | Noticed a four-headed hydra
 11036 | D:11     | Killed a four-headed hydra
 11084 | D:11     | Noticed a two-headed ogre
 11089 | D:11     | Killed a two-headed ogre
 11204 | D:11     | Reached skill level 5 in Throwing
 11306 | Lair:1   | Entered Level 1 of the Lair of Beasts
 12186 | Lair:1   | Reached XP level 12. HP: 98/112 MP: 11/11
 12339 | Lair:1   | Received a gift from Trog
 12502 | Lair:2   | Identified the +1 tower shield of Levity {+Blink Dex+6 SInv
                  | Stlth-}
 12633 | Lair:2   | Reached skill level 1 in Shields
 12677 | Lair:2   | Noticed a death yak
 12684 | Lair:2   | Killed a death yak
 12726 | Lair:2   | Found a frozen archway.
 12783 | IceCv    | Entered an ice cave
 12897 | IceCv    | Noticed a death yak
 12912 | IceCv    | Killed a death yak
 13077 | IceCv    | Noticed a death yak
 13098 | IceCv    | Killed a death yak
 13133 | IceCv    | Noticed a death yak
 13148 | IceCv    | Killed a death yak
 13224 | IceCv    | Reached XP level 13. HP: 119/119 MP: 4/12
 13241 | IceCv    | Received a gift from Trog
 13303 | IceCv    | Reached skill level 5 in Shields
 13318 | IceCv    | Killed from afar by an ironbound frostheart

Illustrated notes

Levels and vault maps discovered:
D:1:      dpeg_arrival_caged_fury, layout_loops_corners,
          hellmonk_ecumenical_altar_lost_god, minmay_nonomino_d4
D:2:      layout_rooms, serial_shops, shop, minmay_misc_feat_chi,
          minmay_snake_closets, uniq_crazy_yiuf_cottage
D:3:      layout_loops_ring, serial_shops, nicolae_diamond_shop, uniq_robin
D:4:      layout_rooms, gup_sewer_entry_spiral
D:5:      layout_basic, serial_rivers, chequers_serial_rivers_marsh,
          chequers_serial_rivers_micro_c, chequers_serial_rivers_micro_e,
          chequers_serial_rivers_marsh, chequers_serial_rivers_micro_c,
          chequers_serial_rivers_micro_c, lemuel_flame_loot_1
D:6:      layout_gridville, minmay_temple_entry_poolview,
          nicolae_figureground_pulse, uniq_eustachio
D:7:      layout_cave_pods
D:8:      layout_basic, kennysheep_just_a_vault
D:9:      layout_cave_pools, minivault_16, minmay_protected_statue
D:10:     layout_roguey, grunt_qazlal_clouds, david_lair_generic,
          dreamdust_gnoll_shepherd, uniq_gastronok
D:11:     layout_basic, orc_0_dummy, nicolae_concentric_dashed_squares_mild
Lair:1:   layout_regular_city, dreamdust_deal_with_the_devil,
          infiniplex_staircase_pool
Lair:2:   dreamdust_isle_of_ice, layout_small_grid,
          nicolae_spider_entry_tight_spaces, portal_ice_cave_entry_imps,
          lemuel_fruit_fields
IceCv:    ice_cave_caverns_01

Skill      XL: |  1  2  3  4  5  6  7  8  9 10 11 12 13 |
---------------+----------------------------------------+-----
Axes           | 4 5 6 7 9 10 11 12 13 | 13.1
Fighting       | 4 5 6 7 9 10 11 12 13 | 13.0
Armour         | 3 4 5 6 7 9 10 11 12 | 12.8
Dodging        | 3 4 5 6 8 9 10 11 | 11.8
Throwing       | 3 5 7 |  7.2
Shields        | 4 5 |  5.1

Action                   |  1- 3 |  4- 6 |  7- 9 | 10-12 | 13-15 || total
-------------------------+-------+-------+-------+-------+-------++-------
Melee: Hand axe          |    79 |    24 |       |       |       ||   103
       Headbutt          |     8 |    24 |    37 |   134 |    15 ||   218
       Mace              |       |   142 |   176 |   372 |       ||   690
       Punch             |       |       |     3 |       |       ||     3
       War axe           |       |       |    19 |     7 |       ||    26
       Broad axe         |       |       |       |   212 |    41 ||   253
Invok: Berserk           |       |     1 |     1 |     5 |     1 ||     8
       Trog's Hand       |       |       |       |     1 |     1 ||     2
Evoke: Wand              |       |       |       |     1 |       ||     1
  Use: Scroll            |       |     6 |     4 |     4 |       ||    14
 Stab: Distracted        |       |       |     1 |       |       ||     1
       Sleeping          |       |       |     1 |       |       ||     1
Armor: Animal skin       |     3 |       |       |       |       ||     3
       Ring mail         |     9 |       |    11 |       |       ||    20
       Chain mail        |     9 |    77 |    37 |       |       ||   123
       Plate armour      |       |       |    47 |   244 |    11 ||   302
Dodge: Dodged            |    53 |    75 |    99 |   222 |    14 ||   463
Block: Buckler           |       |       |       |    42 |       ||    42
       Tower shield      |       |       |       |   193 |    25 ||   218

Table legend: (Time is in decaauts)
 A = Elapsed time spent in this place.
 B = Non-inter-level travel time spent in this place.
 C = Inter-level travel time spent in this place.
 D = Time resting spent in this place.
 E = Time spent auto-exploring this place.
 F = Levels seen in this place.
 G = Mean time per level.
                   A        B        C        D        E       F      G
               +--------+--------+--------+--------+--------+-----+--------+
         Total |  13429 |  12628 |    801 |    774 |   9170 |  15 |  895.3 |
       Dungeon |  11220 |  10452 |    768 |    724 |   7906 |  11 | 1020.0 |
          Lair |   1053 |   1021 |     32 |     39 |    581 |   2 |  526.5 |
         Sewer |    572 |    572 |      0 |      0 |    381 |   1 |  572.0 |
      Ice Cave |    583 |    583 |      0 |     11 |    302 |   1 |  583.0 |
               +--------+--------+--------+--------+--------+-----+--------+

Top non-repeatable levels by time:
     D:9: 1524 daAuts
     D:1: 1513 daAuts
     D:7: 1235 daAuts
     D:8: 1227 daAuts
     D:6: 1203 daAuts
     D:2: 1114 daAuts
    D:10: 803 daAuts
  Lair:1: 732 daAuts
     D:5: 692 daAuts
     D:4: 643 daAuts
    D:11: 640 daAuts
     D:3: 622 daAuts
   IceCv: 583 daAuts
   Sewer: 572 daAuts
  Lair:2: 321 daAuts
